SAAA
TREMONT DOUBLEDAYS @ BAY CITY BOMBERS
06/12/2018
 
TOP OF THE 1ST
Tremont Doubledays batting - Pitching for Bay City Bombers : RHP Eduardo Molina
Pitching: RHP Eduardo Molina
Batting: RHB Claudio Mendoza 0-0: Swinging Strike
0-1: Foul Ball, location: 2F
0-2: Ball
1-2: Foul Ball, location: 2F
1-2: Strikes out swinging
Batting: RHB Steve Robinson 0-0: Foul Ball, location: 2F
0-1: Ball
1-1: SINGLE (Groundball, 34)
Batting: RHB Kazunori Ito 0-0: Ball
1-0: Foul Ball, location: 2F
1-1: Ball
2-1: DOUBLE (Groundball, 5L)
Steve Robinson to third
Batting: SHB Carroll Kline 0-0: Foul Ball, location: 2F
0-1: Ball
1-1: Ground out U3 (Groundball, 3)
Batting: RHB Roy Clay 0-0: Ball
1-0: Swinging Strike
1-1: Ball
2-1: Foul Ball, location: 2F
2-2: Foul Ball, location: 2F
2-2: Ball
3-2: SINGLE (Groundball, 6MD)
Steve Robinson scores
Kazunori Ito to third
Kazunori Ito scores
Batting: RHB Tim Robinson 0-0: Ball
1-0: Called Strike
1-1: Foul Ball, location: 2F
1-2: Ball
2-2: Ball
3-2: Strikes out swinging
Top of the 1st over - 2 run(s), 3 hit(s), 0 error(s), 1 left on base; Tremont 2 - Bay City 0
BOTTOM OF THE 1ST
Bay City Bombers batting - Pitching for Tremont Doubledays : RHP Larry Branch
Pitching: RHP Larry Branch
Batting: RHB Jim Unknown 0-0: Called Strike
0-1: Ball
1-1: Ball
2-1: Ball
3-1: Ball
Batting: LHB Bastyão Lizardo 0-0: Called Strike
0-1: Grounds into double play, 4-6-3 (Groundball, 4)
Batting: LHB Mito Rin 0-0: Ball
1-0: Ball
2-0: Ball
3-0: Swinging Strike
3-1: Swinging Strike
3-2: Foul Ball, location: 2F
3-2: Base on Balls
Batting: RHB Jim Unknown 0-0: Ball
1-0: SINGLE (Groundball, 6MD)
Mito Rin to second
Runner from 2nd tries for 3rd, SAFE, no throw or cutoff
Batting: RHB Luis Díaz 0-0: Ball
1-0: Ball
2-0: Swinging Strike
2-1: Ground out 3-1 (Groundball, 34S)
Bottom of the 1st over - 0 run(s), 1 hit(s), 0 error(s), 2 left on base; Tremont 2 - Bay City 0
TOP OF THE 2ND
Tremont Doubledays batting - Pitching for Bay City Bombers : RHP Eduardo Molina
Batting: SHB Todd Hill 0-0: Called Strike
0-1: Foul Ball, location: 2F
0-2: Fly out, F8 (Line Drive, 8RM)
Batting: LHB Daniel Clark 0-0: Fly out, F8 (Flyball, 8RM)
Batting: RHB Floyd Banks 0-0: Ground out 6-3 (Groundball, 6S)
Top of the 2nd over - 0 run(s), 0 hit(s), 0 error(s), 0 left on base; Tremont 2 - Bay City 0
BOTTOM OF THE 2ND
Bay City Bombers batting - Pitching for Tremont Doubledays : RHP Larry Branch
Batting: RHB Shaun Bowles 0-0: Called Strike
0-1: SINGLE (Groundball, 5L)
Batting: LHB Guy Riley 0-0: SINGLE (Line Drive, 6M)
Shaun Bowles to second
Runner from 2nd tries for 3rd, SAFE, throw made to third
Batting: RHB Barry Martínez 0-0: Ball
1-0: Called Strike
1-1: Ball
2-1: Foul Ball, location: 2F
2-2: SINGLE (Line Drive, 7LS)
Shaun Bowles scores
Guy Riley to second
Batting: LHB Brad Shockley 0-0: Called Strike
0-1: Ball
1-1: Swinging Strike
1-2: Ball
2-2: SINGLE (Groundball, 3D)
Guy Riley to third
Barry Martínez to second
Batting: RHB Jim Unknown 0-0: Ball
1-0: Ball
Wild Pitch!
Guy Riley scores
Barry Martínez to third
Brad Shockley to second
2-0: Foul Ball, location: 2F
2-1: Ball
3-1: Fly out, F9 (Flyball, 9M)
Runner from 3rd tags up, SCORES, throw made
Batting: LHB Bastyão Lizardo 0-0: Ball
1-0: Fly out, F8 (Line Drive, 8RM)
Batting: LHB Mito Rin 0-0: Called Strike
0-1: Ball
1-1: Swinging Strike
1-2: Strikes out swinging
Bottom of the 2nd over - 3 run(s), 4 hit(s), 0 error(s), 1 left on base; Tremont 2 - Bay City 3
TOP OF THE 3RD
Tremont Doubledays batting - Pitching for Bay City Bombers : RHP Eduardo Molina
Batting: RHB Claudio Mendoza 0-0: Ball
1-0: Ball
2-0: Ball
3-0: Base on Balls
Batting: RHB Steve Robinson 0-0: Ball
1-0: Called Strike
1-1: Called Strike
1-2: Ball
2-2: Ball
3-2: Strikes out swinging
Batting: RHB Kazunori Ito 0-0: 2-RUN HOME RUN (Flyball, 7D), Distance : 390 ft
Batting: SHB Carroll Kline 0-0: DOUBLE (Line Drive, 7LS)
Batting: RHB Roy Clay 0-0: Swinging Strike
0-1: Foul Ball, location: 2F
0-2: Fly out, F8 (Flyball, 8RD)
Runner from 2nd tags up, SAFE at 3rd, no throw
Batting: RHB Tim Robinson 0-0: Ball
1-0: Ball
2-0: Called Strike
2-1: Ball
3-1: Foul Ball, location: 2F
3-2: 2-RUN HOME RUN (Flyball, 7D), Distance : 382 ft
Batting: SHB Todd Hill 0-0: Ball
1-0: Swinging Strike
1-1: Ball
2-1: Foul Ball, location: 2F
2-2: Ground out 6-3 (Groundball, 6)
Top of the 3rd over - 4 run(s), 3 hit(s), 0 error(s), 0 left on base; Tremont 6 - Bay City 3
BOTTOM OF THE 3RD
Bay City Bombers batting - Pitching for Tremont Doubledays : RHP Larry Branch
Batting: RHB Jim Unknown 0-0: Ball
1-0: Fly out, F9 (Flyball, 9LM)
Batting: RHB Luis Díaz 0-0: Foul Ball, location: 2F
0-1: Ball
1-1: Fly out, F4 (Line Drive, 4)
Batting: RHB Shaun Bowles 0-0: Ball
1-0: Ball
2-0: Foul Ball, location: 2F
2-1: Foul Ball, location: 2F
2-2: Ball
3-2: Strikes out swinging
Bottom of the 3rd over - 0 run(s), 0 hit(s), 0 error(s), 0 left on base; Tremont 6 - Bay City 3
TOP OF THE 4TH
Tremont Doubledays batting - Pitching for Bay City Bombers : RHP Eduardo Molina
Batting: LHB Daniel Clark 0-0: Ball
1-0: Ground out 4-3 (Groundball, 4)
Batting: RHB Floyd Banks 0-0: TRIPLE (Line Drive, 8RM)
Pitching: RHP Jeff Krause
Batting: RHB Claudio Mendoza 0-0: Ball
1-0: Called Strike
1-1: Ball
2-1: Called Strike
2-2: Strikes out swinging
Batting: RHB Steve Robinson 0-0: Ball
1-0: Fly out, F4 (Popup, 4D)
Top of the 4th over - 0 run(s), 1 hit(s), 0 error(s), 1 left on base; Tremont 6 - Bay City 3
BOTTOM OF THE 4TH
Bay City Bombers batting - Pitching for Tremont Doubledays : RHP Larry Branch
Batting: LHB Guy Riley 0-0: Bunt for hit - play at first, batter safe!
Batting: RHB Barry Martínez 0-0: Foul Ball, location: 2F
0-1: Ball
1-1: Ball
2-1: Fly out, F4 (Popup, 4D)
Batting: LHB Brad Shockley 0-0: Foul Ball, location: 2F
0-1: Grounds into double play, 4-6-3 (Groundball, 4)
Bottom of the 4th over - 0 run(s), 1 hit(s), 0 error(s), 0 left on base; Tremont 6 - Bay City 3
TOP OF THE 5TH
Tremont Doubledays batting - Pitching for Bay City Bombers : RHP Jeff Krause
Batting: RHB Kazunori Ito 0-0: Foul Ball, location: 2F
0-1: Ground out U3 (Groundball, 3S)
Batting: SHB Carroll Kline 0-0: Ball
1-0: Called Strike
1-1: Ball
2-1: Called Strike
2-2: Ground out 6-3 (Groundball, 6M)
Batting: RHB Roy Clay 0-0: Ball
1-0: Called Strike
1-1: SINGLE (Line Drive, 78S)
Batting: RHB Tim Robinson 0-0: Foul Ball, location: 2F
0-1: Ball
1-1: Ball
2-1: Fielders Choice at 2nd, U4 (Groundball, 4M)
Top of the 5th over - 0 run(s), 1 hit(s), 0 error(s), 1 left on base; Tremont 6 - Bay City 3
BOTTOM OF THE 5TH
Bay City Bombers batting - Pitching for Tremont Doubledays : RHP Larry Branch
Batting: RHB Jim Unknown 0-0: Ball
1-0: Ball
2-0: Bunted foul
2-1: Called Strike
2-2: SINGLE (Groundball, 6MD) (infield hit)
Batting: LHB Bastyão Lizardo 0-0: Ball
1-0: Ball
2-0: Foul Ball, location: 2F
2-1: Fly out, F9 (Flyball, 89M)
Batting: LHB Mito Rin 0-0: Ball
1-0: 2-RUN HOME RUN (Line Drive, 89XD), Distance : 411 ft
Pitching: LHP Jesús López
Batting: RHB Jim Unknown 0-0: Ball
1-0: Ball
2-0: Foul Ball, location: 2F
2-1: Fly out, F9 (Flyball, 9M)
Batting: RHB Luis Díaz 0-0: Called Strike
0-1: Ball
1-1: Foul Ball, location: 2F
1-2: Foul Ball, location: 2F
1-2: Ball
2-2: SINGLE (Line Drive, 4D)
Batting: RHB Shaun Bowles 0-0: Ball
1-0: SINGLE (Groundball, 4MD)
Luis Díaz to second
Batting: LHB Guy Riley 0-0: Called Strike
0-1: Fly out, F5 (Popup, 5F)
Bottom of the 5th over - 2 run(s), 4 hit(s), 0 error(s), 2 left on base; Tremont 6 - Bay City 5
TOP OF THE 6TH
Tremont Doubledays batting - Pitching for Bay City Bombers : RHP Jeff Krause
Batting: SHB Todd Hill 0-0: Ball
1-0: Swinging Strike
1-1: Fly out, F8 (Flyball, 8LD)
Batting: LHB Daniel Clark 0-0: Called Strike
0-1: Ball
1-1: Ball
2-1: Foul Ball, location: 2F
2-2: Strikes out swinging
Batting: RHB Floyd Banks 0-0: Ball
1-0: Ball
2-0: SINGLE (Line Drive, 89S)
Batting: RHB Claudio Mendoza 0-0: Ball
Passed Ball!
Floyd Banks to second
1-0: Ball
2-0: Called Strike
2-1: Foul Ball, location: 2F
2-2: Strikes out swinging
Top of the 6th over - 0 run(s), 1 hit(s), 0 error(s), 1 left on base; Tremont 6 - Bay City 5
BOTTOM OF THE 6TH
Bay City Bombers batting - Pitching for Tremont Doubledays : LHP Jesús López
Batting: RHB Barry Martínez 0-0: Ball
1-0: Ball
2-0: Ball
3-0: Called Strike
3-1: Foul Ball, location: 2F
3-2: Strikes out looking
Batting: LHB Brad Shockley 0-0: Ball
1-0: Called Strike
1-1: Ground out 4-3 (Groundball, 4)
Now at 2B: Steven Poe
Batting: RHB Jim Unknown 0-0: Ball
1-0: Foul Ball, location: 2F
1-1: Ball
2-1: Foul Ball, location: 2F
2-2: Ball
3-2: Fly out, F3 (Popup, 3F)
Bottom of the 6th over - 0 run(s), 0 hit(s), 0 error(s), 0 left on base; Tremont 6 - Bay City 5
TOP OF THE 7TH
Tremont Doubledays batting - Pitching for Bay City Bombers : RHP Jeff Krause
Pitching: LHP Juan Correa
Batting: RHB Steve Robinson 0-0: Called Strike
0-1: Swinging Strike
0-2: Strikes out looking
Batting: RHB Kazunori Ito 0-0: Ball
1-0: Ball
2-0: Called Strike
2-1: Ball
3-1: Base on Balls
Batting: SHB Carroll Kline 0-0: Called Strike
0-1: Ball
1-1: Ball
2-1: Called Strike
2-2: Ball
3-2: Fielders Choice at 2nd, 3-6 (Groundball, 34)
Batting: RHB Roy Clay 0-0: Ball
1-0: Swinging Strike
1-1: Called Strike
1-2: Ball
2-2: SINGLE (Line Drive, 89S)
Carroll Kline to second
Batting: RHB Steven Poe 0-0: Called Strike
0-1: Ball
1-1: Ball
2-1: Ball
3-1: Swinging Strike
3-2: Foul Ball, location: 2F
3-2: Fly out, F8 (Flyball, 89D)
Top of the 7th over - 0 run(s), 1 hit(s), 0 error(s), 2 left on base; Tremont 6 - Bay City 5
BOTTOM OF THE 7TH
Bay City Bombers batting - Pitching for Tremont Doubledays : LHP Jesús López
Batting: LHB Bastyão Lizardo 0-0: Swinging Strike
0-1: Ball
1-1: Foul Ball, location: 2F
1-2: Strikes out swinging
Pitching: RHP Josh Parker
Batting: LHB Mito Rin 0-0: Ball
1-0: Ball
2-0: Called Strike
2-1: Ball
3-1: Called Strike
3-2: Base on Balls
Batting: RHB Jim Unknown 0-0: Ball
1-0: Swinging Strike
1-1: Ball
2-1: SINGLE (Flyball, 89S)
Mito Rin to second
Batting: RHB Luis Díaz 0-0: Foul Ball, location: 2F
0-1: Ball
1-1: Ball
2-1: Ball
3-1: Grounds into double play, 6-4-3 (Groundball, 6)
Bottom of the 7th over - 0 run(s), 1 hit(s), 0 error(s), 1 left on base; Tremont 6 - Bay City 5
TOP OF THE 8TH
Tremont Doubledays batting - Pitching for Bay City Bombers : LHP Juan Correa
Batting: SHB Todd Hill 0-0: Ball
1-0: Foul Ball, location: 2F
1-1: Swinging Strike
1-2: Ball
2-2: Ball
3-2: Ground out 1-3 (Groundball, 13)
Batting: LHB Daniel Clark 0-0: Foul Ball, location: 2F
0-1: Called Strike
0-2: Foul Ball, location: 2F
0-2: Ground out 1-3 (Groundball, 23)
Batting: RHB Floyd Banks 0-0: Called Strike
0-1: Ball
1-1: Ball
2-1: Swinging Strike
2-2: Ball
3-2: SINGLE (Line Drive, 89S)
Pitching: RHP Jim Unknown
Pinch Hitting: LHB Jim Unknown 0-0: Ball
1-0: DOUBLE (Line Drive, 8LXD)
Floyd Banks to third
Runner from 3rd tries for Home, SAFE, no throw or cutoff
Batting: RHB Steve Robinson 0-0: Ball
1-0: Called Strike
1-1: Foul Ball, location: 2F
1-2: Strikes out swinging
Top of the 8th over - 1 run(s), 2 hit(s), 0 error(s), 1 left on base; Tremont 7 - Bay City 5
BOTTOM OF THE 8TH
Bay City Bombers batting - Pitching for Tremont Doubledays : RHP Josh Parker
Now at 1B: Jim Unknown
Batting: RHB Shaun Bowles 0-0: Ball
1-0: Called Strike
1-1: Ground out 6-3 (Groundball, 6)
Batting: LHB Guy Riley 0-0: Ball
1-0: Called Strike
1-1: Called Strike
1-2: Foul Ball, location: 2F
1-2: Reached on error, E5 (Groundball, 56S)
Pitching: LHP Stanley Harris
Batting: RHB Barry Martínez 0-0: Ball
1-0: Ball
2-0: Called Strike
2-1: Foul Ball, location: 2F
2-2: Strikes out swinging
Batting: LHB Brad Shockley 0-0: Ball
1-0: Ball
2-0: Fly out, F2 (Popup, 25F)
Bottom of the 8th over - 0 run(s), 0 hit(s), 1 error(s), 1 left on base; Tremont 7 - Bay City 5
TOP OF THE 9TH
Tremont Doubledays batting - Pitching for Bay City Bombers : RHP Jim Unknown
Pitching: LHP Jim Unknown
Batting: RHB Kazunori Ito 0-0: Ball
1-0: Swinging Strike
1-1: Ball
2-1: Swinging Strike
2-2: TRIPLE (Flyball, 9D)
Batting: SHB Carroll Kline 0-0: Intentional Walk
Batting: RHB Roy Clay 0-0: Swinging Strike
0-1: Called Strike
0-2: Ball
1-2: Foul Ball, location: 2F
1-2: Ground out 5-3 (Groundball, 5S)
Carroll Kline to second
Batting: RHB Steven Poe 0-0: Intentional Walk
Pinch Hitting: RHB Chip Teague 0-0: Ball
1-0: Called Strike
1-1: Ball
2-1: Ball
3-1: Foul Ball, location: 2F
3-2: Foul Ball, location: 2F
3-2: Foul Ball, location: 2F
3-2: Base on Balls
Kazunori Ito scores
Carroll Kline to third
Steven Poe to second
Batting: LHB Daniel Clark 0-0: Ball
1-0: Ball
2-0: Called Strike
2-1: Ball
3-1: Ground out 4-3 (Groundball, 4M)
Carroll Kline scores
Steven Poe to third
Chip Teague to second
Batting: RHB Floyd Banks 0-0: Swinging Strike
0-1: Ball
1-1: Called Strike
1-2: Strikes out looking
Top of the 9th over - 2 run(s), 1 hit(s), 0 error(s), 2 left on base; Tremont 9 - Bay City 5
BOTTOM OF THE 9TH
Bay City Bombers batting - Pitching for Tremont Doubledays : LHP Stanley Harris
Now at SS: Chip Teague
Batting: RHB Jim Unknown 0-0: Called Strike
0-1: Foul Ball, location: 2F
0-2: Ball
1-2: Ball
2-2: Fly out, F9 (Line Drive, 9M)
Batting: LHB Bastyão Lizardo 0-0: Ball
1-0: Ball
2-0: Fly out, F9 (Line Drive, 89S)
Batting: LHB Mito Rin 0-0: Foul Ball, location: 2F
0-1: Ball
1-1: Ground out 6-3 (Groundball, 6)
Bottom of the 9th over - 0 run(s), 0 hit(s), 0 error(s), 0 left on base; Tremont 9 - Bay City 5
This league is powered by Out of the Park Baseball, the baseball management simulation game for PC, Mac and Linux
Monday, May 4th, 2015 - OOTP Baseball 15.6 Build 34